 Dungeon Crawl Stone Soup version 0.25.1-8-g42b30a86e7 (webtiles) character file.

Game seed: 3508283034430104628

88 Destapler the Conjurer (level 4, -2/24 HPs)
             Began as a Deep Elf Conjurer on Dec 20, 2020.
             Slain by an orc (4 damage)
             ... on level 2 of the Dungeon.
             The game lasted 00:03:37 (2230 turns).

Destapler the Conjurer (Deep Elf Conjurer)          Turns: 2230, Time: 00:03:38

Health: -2/24      AC:  3    Str:  5    XL:     4   Next: 29%
Magic:  8/12       EV: 14    Int: 21    God:
Gold:   116        SH:  0    Dex: 15    Spells: 10/11 levels left

rFire    . . .     SeeInvis .   a - +2 hand axe (freeze)
rCold    . . .     Gourm    .   (no shield)
rNeg     . . .     Faith    .   i - +0 robe
rPois    .         Spirit   .   q - +0 helmet
rElec    .         Reflect  .   (no cloak)
rCorr    .         Harm     .   (no gloves)
MR       .....                  (no boots)
Stlth    +++.......             (no amulet)
HPRegen  0.08/turn              (no ring)
MPRegen  0.13/turn              (no ring)

@: stab
A: no striking features
a: no special abilities


You were on level 2 of the Dungeon.
You were not hungry.

You visited 1 branch of the dungeon, and saw 3 of its levels.

You collected 116 gold pieces.

Inventory:

Hand Weapons
 a - a +2 hand axe of freezing (weapon)
 l - a +0 dagger
Missiles
 m - 6 boomerangs (quivered)
Armour
 i - a +0 robe (worn)
 q - a +0 helmet (worn)
Scrolls
 e - a scroll of remove curse {unknown}
 f - 4 scrolls of identify {unknown}
 h - a scroll of amnesia {unknown}
 j - 2 scrolls of teleportation {unknown}
 r - a scroll of blinking {unknown}
 s - a scroll of noise {unknown}
Potions
 d - a potion of haste {unknown}
 g - 2 potions of resistance {unknown}
 k - a potion of curing {unknown}
 o - a potion of flight {unknown}
 p - a potion of mutation {unknown}
Comestibles
 c - 7 rations
 n - a chunk of flesh


   Skills:
 + Level 1.3 Short Blades
 + Level 3.5 Dodging
 + Level 3.7 Stealth
 + Level 4.1 Spellcasting
 - Level 4.3 Conjurations


You had 10 spell levels left.
You knew the following spells:

 Your Spells              Type           Power        Failure   Level  Hunger
a - Magic Dart            Conj           ###.         1%          1    None

Your spell library contained the following spells:

 Spells                   Type           Power        Failure   Level  Hunger
 Searing Ray              Conj           ###...       3%          2    #......
 Dazzling Flash           Conj/Hex       ##....       14%         3    ###....
 Fulminant Prism          Conj/Hex       ##........   43%         4    ####...
 Iskenderun's Mystic Bla  Conj/Tloc      ##......     43%         4    ####...


Dungeon Overview and Level Annotations

Branches:
Dungeon (3/15)

Altars:
Xom


Message History

There is a stone staircase leading down here.
You hit the orc. You freeze the orc.
You kill the orc!
You barely miss the orc. You closely miss the orc.
The orc hits you but does no damage. x2
You barely miss the orc. x2; The orc closely misses you.
The orc barely misses you. The orc hits you but does no damage.
You closely miss the orc. x2; The orc barely misses you. x2; The orc hits you.
* * * LOW HITPOINT WARNING * * *
You closely miss the orc. You hit the orc. You freeze the orc.
The orc closely misses you. The orc hits you with a +0 flail.
* * * LOW HITPOINT WARNING * * *
You are too injured to fight recklessly!
You are too injured to fight recklessly!
You are too injured to fight recklessly!
The orc closely misses you.
It was a potion of stabbing.
You feel ready to backstab. The orc hits you.
You die...

####### #.....#
########..)..#
####.........>.(##
.....#####.......#
###### #......o# #
#.##.##o#
########.#..##@#
#.....##.#.###.#
###)....##.......#
........##.....###
###....[##.###.#
###.....##.# #[#
.#########.###.#
.# #.....# .###
#####.#


You could see 2 orcs.

Vanquished Creatures
  3 adders (D:2)
  2 worms (D:2)
  A dart slug (D:1)
  A leopard gecko (D:2)
  An orc (D:2)
  2 ball pythons
  3 giant cockroaches
  7 goblins
  4 hobgoblins
  4 jackals (D:2)
  4 bats
  2 frilled lizards
  9 kobolds
  7 rats
50 creatures vanquished.

Notes
Turn   | Place    | Note
-------+----------+-------------------------------------------
     0 | D:1      | Destapler the Deep Elf Conjurer began the quest for the
                  | Orb.
     0 | D:1      | Reached XP level 1. HP: 10/10 MP: 6/6
   231 | D:1      | Reached XP level 2. HP: 15/15 MP: 6/8
  1231 | D:2      | Reached XP level 3. HP: 19/19 MP: 3/10
  1404 | D:2      | Reached skill level 1 in Short Blades
  1628 | D:2      | Reached XP level 4. HP: 24/24 MP: 7/12
  1779 | D:2      | Found a shimmering altar of Xom.
  2230 | D:2      | Slain by an orc

Illustrated notes

Levels and vault maps discovered:
D:1:      lightli_arrival_windingriver, layout_basic
D:2:      layout_loops_cross, kennysheep_decorative_pillar, xom_teletrap_fun
D:3:      layout_rooms

Skill      XL: |  1  2  3 |
---------------+----------+-----
Stealth        | 3 |  3.7
Dodging        | 3 |  3.5
Short Blades   | 1 |  1.3
Spellcasting   | 4 |  4.1
Conjurations   | |  4.3

Action                   |  1- 3 |  4- 6 || total
-------------------------+-------+-------++-------
Melee: Unarmed           |     3 |       ||     3
       Hand axe          |       |     5 ||     5
 Cast: Magic Dart        |    85 |    34 ||   119
  Use: Potion            |       |     1 ||     1
  Eat: Chunk             |     2 |     2 ||     4
Armor: Robe              |     2 |     6 ||     8
Dodge: Dodged            |     7 |    12 ||    19
